 Dungeon Crawl Stone Soup version 0.28-a0-991-g956f0ee3d5 (webtiles) character file.

Game seed: 13044788449680684471

49 Sabo the Digger (level 3, 0/19 HPs)
             Began as a Gargoyle Earth Elementalist on Dec 4, 2021.
             Was a Follower of Vehumet.
             Slain by a worm (8 damage)
             ... on level 2 of the Dungeon.
             The game lasted 00:18:44 (1897 turns).

Sabo the Digger (Gargoyle Earth Elementalist)       Turns: 1897, Time: 00:18:44

Health: 0/19       AC:  6    Str: 11    XL:     3   Next: 77%
Magic:  7/7        EV: 11    Int: 17    God:    Vehumet [*.....]
Gold:   74         SH:  0    Dex: 10    Spells: 6/7 levels left

rFire   . . .      SeeInvis .   h - +0 short sword
rCold   . . .      Faith    .   (no shield)
rNeg    + . .      Spirit   .   g - +0 leather armour
rPois   ∞          Reflect  .   (no helmet)
rElec   +          Harm     .   (no cloak)
rCorr   .          Rampage  .   (no gloves)
Will    .....                   (no boots)
Stlth   ++........              (no amulet)
HPRegen 0.06/turn               (no ring)
MPRegen 0.10/turn               (no ring)

@: no status effects
A: sickness immunity, AC +3, negative energy resistance 1, electricity
resistance, torment resistance 1, petrification resistance
a: Renounce Religion


You were on level 2 of the Dungeon.
You worshipped Vehumet.
Vehumet was aware of your devotion.
You visited 1 branch of the dungeon, and saw 2 of its levels.

You collected 74 gold pieces.

Inventory:

Hand Weapons
 a - a +0 club
 h - a +0 short sword (weapon)
 l - a +0 hunting sling
Missiles
 c - 24 stones (quivered)
 m - 15 sling bullets
Armour
 g - a +0 leather armour (worn)
Scrolls
 b - a scroll of vulnerability {unknown}
 d - a scroll of fog {unknown}
 e - a scroll of acquirement {unknown}
 f - 4 scrolls of identify {unknown}
Potions
 i - a potion of mutation {unknown}
 j - a potion of ambrosia {unknown}
 k - a potion of resistance {unknown}


   Skills:
 + Level 0.1 Maces & Flails
 + Level 1.1 Armour
 + Level 1.7 Dodging
 + Level 2.3 Stealth
 + Level 2.7 Spellcasting
 + Level 0.7 Transmutations
 + Level 4.3 Earth Magic


You had 6 spell levels left.
You knew the following spells:

 Your Spells              Type           Power      Damage    Failure   Level
a - Sandblast             Erth           34%        2d9       4%          1

Your spell library contained the following spells:

 Spells                   Type           Power      Damage    Failure   Level
 Shock                    Conj/Air       8%         1d3       24%         1
 Passwall                 Tmut/Erth      8%         N/A       13%         2
 Freeze                   Ice            8%         1d3       24%         1
 Stone Arrow              Conj/Erth      18%        3d8       28%         3
 Frozen Ramparts          Ice            4%         1d2       56%         3
 Swiftness                Air            2%         N/A       56%         3
 Petrify                  Tmut/Erth      10%        N/A       63%         4
 Animate Armour           Summ/Erth      18%        N/A       67%         4
 Hailstorm                Conj/Ice       2%         3d3       93%         4
 Lehudib's Crystal Spear  Conj/Erth      4%         10d3      100%        8


Dungeon Overview and Level Annotations

Branches:
Dungeon (2/15)

Altars:
Kikubaaqudgha
Vehumet


Innate Abilities, Weirdness & Mutations

You are immune to sickness and miasma.
Your stone body is resilient. (AC +3)
You are immune to poison.
You resist negative energy. (rN+)
You are resistant to electric shocks. (rElec)
You are resistant to unholy torment.
You are immune to petrification.


Message History

You hit the hobgoblin.
You kill the hobgoblin!
Vehumet accepts your kill.
You see here a hobgoblin corpse.
You start resting.
HP restored.
You see here a dart slug corpse.
You see here 15 sling bullets.
m - 15 sling bullets You now have 74 gold pieces (gained 12).
You see here a dart slug corpse.
A frilled lizard comes into view.
The frilled lizard hisses angrily.
The frilled lizard closely misses you.
You hit the frilled lizard.
You kill the frilled lizard!
Vehumet accepts your kill.
A worm comes into view.
You barely miss the worm. The worm bites you but does no damage.
You barely miss the worm. You hit the worm.
The worm is lightly wounded.
The worm bites you.
You hit the worm.
The worm is moderately wounded.
The worm barely misses you.
You hit the worm.
The worm is moderately wounded.
You hit the worm.
The worm is heavily wounded.
The worm completely misses you.
You barely miss the worm.
The worm is heavily wounded.
The worm bites you!
You barely miss the worm.
The worm is moderately wounded.
You hit the worm but do no damage.
The worm is moderately wounded.
The worm bites you!
You die...

#######.############......
#...................
##########.###.#.### #.# #
######## #.# .......# #.#
######.# #.#
#.#########.###.#..
#..........@w.....#
####.######.####### #.#
#.# #.# #.# #######.# #.#
#.......# #.. #.#######
### #.### #...#


You could see a worm.

Vanquished Creatures
  An adder (D:2)
  A dart slug (D:2)
  3 bats
  An endoplasm (D:1)
  3 giant cockroaches
  5 goblins
  10 hobgoblins
  2 kobolds (D:1)
  A ball python (D:1)
  3 frilled lizards
  5 rats
35 creatures vanquished.

Notes
Turn   | Place    | Note
-------+----------+-------------------------------------------
     0 | D:1      | Sabo the Gargoyle Earth Elementalist began the quest for
                  | the Orb.
     0 | D:1      | Reached XP level 1. HP: 10/10 MP: 3/3
   263 | D:1      | Reached skill level 4 in Earth Magic
   292 | D:1      | Reached XP level 2. HP: 15/15 MP: 1/5
   439 | D:1      | Found a faded altar of an unknown god.
   456 | D:1      | Prayed at the altar of an unknown god.
   456 | D:1      | Became a worshipper of Vehumet
   456 | D:1      | Reached * piety under Vehumet
   456 | D:1      | Offered knowledge of Shock by Vehumet.
   817 | D:1      | Reached XP level 3. HP: 19/19 MP: 4/6
  1661 | D:2      | Found an ancient bone altar of Kikubaaqudgha.
  1731 | D:2      | Reached skill level 1 in Armour
  1897 | D:2      | Slain by a worm

Illustrated notes

Levels and vault maps discovered:
D:1:      dpeg_arrival_rhombus, layout_loops_ring,
          dreamdust_ecumenical_altar_angels_and_demons,
          chequers_serial_rivers_small_b, chequers_garden
D:2:      layout_loops_ring, basic_altar

Skill      XL: |  1  2  3 |
---------------+----------+-----
Earth Magic    | 4 |  4.3
Armour         | 1 |  1.1
Maces & Flails | |  0.1
Dodging        | |  1.7
Stealth        | |  2.3
Spellcasting   | |  2.7
Transmutations | |  0.7

Action                   || total
-------------------------++-------
Melee: Whip              ||    27
       Short sword       ||    38
Throw: Stone             ||     1
 Cast: Sandblast         ||    26
Armor: Leather armour    ||    19
Dodge: Dodged            ||    38

Table legend: (Time is in decaauts)
 A = Elapsed time spent in this place.
 B = Non-inter-level travel time spent in this place.
 C = Inter-level travel time spent in this place.
 D = Time resting spent in this place.
 E = Time spent auto-exploring this place.
 F = Levels seen in this place.
 G = Mean time per level.
                   A        B        C        D        E       F      G
               +--------+--------+--------+--------+--------+-----+--------+
         Total |   1902 |   1902 |      0 |    461 |      0 |   2 |  951.0 |
       Dungeon |   1902 |   1902 |      0 |    461 |      0 |   2 |  951.0 |
               +--------+--------+--------+--------+--------+-----+--------+

Top non-repeatable levels by time:
     D:1: 1374 daAuts
     D:2: 528 daAuts
